 Dungeon Sprint DCSS version 0.29-a0-362-g5854e031c7 (webtiles) character file.

Game seed: 1501231009121427644

52109 mhtbhm the Cutthroat (level 15, -14/120 HPs)
             Began as a Kobold Berserker on Apr 29, 2022.
             Was the Champion of Trog.
             Demolished by a stone giant (34 damage)
             ... in the Dungeon (Sprint IX: "|||||||||||||||||||||||||||||").
             The game lasted 00:10:27 (6353 turns).

mhtbhm the Cutthroat (Kobold Berserker)             Turns: 6353, Time: 00:10:27

Health: -14/120    AC: 18    Str: 26    XL:     15   Next: 4%
Magic:  15/15      EV: 26    Int:  9    God:    Trog [******]
Gold:   218        SH:  0    Dex: 15    Spells: 14/14 levels left

rFire   + . .      SeeInvis .   a - +4 quick blade (flame)
rCold   . . .      Faith    .   (no shield)
rNeg    . . .      Spirit   .   b - +1 scale mail "Gaineihy" {rPois Str+2}
rPois   +          Reflect  .   I - +1 helmet
rElec   .          Harm     .   l - +0 cloak
rCorr   .          Rampage  .   (no gloves)
Will    +....      NoTele   +   k - +1 pair of boots
Stlth   +++++++...              (no amulet)
HPRegen 0.30/turn               m - +3 ring of strength
MPRegen 0.14/turn               t - ring of Lalet {rF+ EV+4}

@: on berserk cooldown, slowed, very slow
A: small, no large weapons, nightstalker 3
a: Renounce Religion, Berserk, Trog's Hand, Brothers in Arms


You were in the Dungeon.
You worshipped Trog.
Trog was exalted by your worship.
You visited 1 branch You collected 2963 gold pieces.
You spent 2745 gold pieces at shops.

Inventory:

Hand Weapons
 a - a +4 quick blade of flaming (weapon)
Missiles
 B - 2 curare-tipped darts (quivered)
Armour
 b - the +1 scale mail "Gaineihy" (worn) {rPois Str+2}
   (You found it in the Dungeon)

   Str:       It affects your strength (+2).
   rPois:     It protects you from poison.
 k - a +1 pair of boots (worn)
 l - a +0 cloak (worn)
 n - a +0 kite shield of reflection
 I - a +1 helmet (worn)
Jewellery
 m - a +3 ring of strength (left hand)
 t - the ring of Lalet (right hand) {rF+ EV+4}
   (You acquired it in the Dungeon)

   [ring of evasion]

   EV:        It affects your evasion (+4).
   rF:        It protects you from fire.
 D - a ring of protection from cold
 F - a ring of protection from cold
 G - a ring of see invisible
 H - a ring of fire
Wands
 j - a wand of acid (6)
 E - a wand of flame (14)
Scrolls
 h - 2 scrolls of blinking
 r - 6 scrolls of enchant armour
 s - 2 scrolls of fog
 x - a scroll of immolation
 A - a scroll of vulnerability
 J - 2 scrolls of enchant weapon
Potions
 c - 9 potions of curing
 d - a potion of heal wounds
 e - a potion of haste
 f - 4 potions of magic
 g - 2 potions of berserk rage
 i - a potion of invisibility
 o - 4 potions of resistance
 p - a potion of ambrosia
 u - a potion of might
 v - 2 potions of flight {unknown}
 w - 2 potions of attraction {unknown}
 z - a potion of lignification {unknown}
 C - 3 potions of mutation
Miscellaneous
 q - a condenser vane


   Skills:
 + Level 23.8 Fighting
 + Level 26.3 Short Blades
 + Level 15.7 Armour
 + Level 17.5 Dodging
 + Level 18.2 Stealth
 + Level 6.5 Evocations


You had 14 spell levels left.
You didn't know any spells.
Your spell library was empty.

Dungeon Overview and Level Annotations

Branches:
Dungeon (1/1)

Altars:
Cheibriados
Dithmenos
Elyvilon
Fedhas
Gozag
Hepliaklqana
Kikubaaqudgha
Makhleb
Nemelex Xobeh
Okawaru
Qazlal
Ru
Sif Muna
Trog
Uskayaw
Vehumet
Wu Jian
Xom
Yredelemnul
Zin
The Shining One
Beogh
Jiyva
Lugonu

Shops:
D ****


Innate Abilities, Weirdness & Mutations

You are small and have problems with some larger weapons.
You are completely attuned to the shadows.


Message History

You hit the stone giant but do no damage.
The stone giant is heavily wounded.
You hit the stone giant. You burn the stone giant.
The stone giant is heavily wounded.
The stone giant completely misses you.
You hit the stone giant. You burn the stone giant.
The stone giant is heavily wounded.
You hit the stone giant but do no damage.
The stone giant is heavily wounded.
The stone giant hits you!
* * * LOW HITPOINT WARNING * * *
Unknown command.
Press: ? - help, v - describe, . - travel, g - get item
Here: a stone giant, quivering large rocks (heavily wounded)
Items here: a +2 vampiric lajatang; a +0 robe.
The floor, spattered with blood.
Unknown command.
You hit the stone giant. You burn the stone giant.
The stone giant is heavily wounded.
You hit the stone giant but do no damage.
The stone giant is heavily wounded.
You hit the stone giant but do no damage.
The stone giant is heavily wounded.
The stone giant completely misses you.
You hit the stone giant but do no damage.
The stone giant is heavily wounded.
You hit the stone giant. You burn the stone giant.
The stone giant is severely wounded.
The stone giant completely misses you.
You hit the stone giant but do no damage.
The stone giant is severely wounded.
You hit the stone giant but do no damage.
The stone giant is severely wounded.
The stone giant closely misses you.
You hit the stone giant. You burn the stone giant.
The stone giant is severely wounded.
You hit the stone giant but do no damage.
The stone giant is severely wounded.
The stone giant hits you!!
You die...

........)...)....................
▓▓▓▓▓▓▓▓▓▓▓▓▓▓▓▓▓▓▓▓▓▓▓▓▓▓▓▓▓▓▓▓▓
...'...=.)))))))).[[[[[[[[.......
▓▓▓▓▓▓▓▓▓▓▓▓▓▓▓▓▓▓▓▓▓▓▓▓▓▓▓▓▓▓▓▓▓
..)..............................
▓▓▓▓▓▓▓▓▓▓▓▓▓▓▓▓▓▓▓▓▓▓▓▓▓▓▓▓▓▓▓▓▓
...=.....'))....†..))÷÷)÷)..)††)†
▓▓▓▓▓▓▓▓▓▓▓▓▓▓▓▓▓▓▓▓▓▓▓▓▓▓▓▓▓▓▓▓▓
.....).........C@..).)...........
▓▓▓▓▓▓▓▓▓▓▓▓▓▓▓▓▓▓▓▓▓▓▓▓▓▓▓▓▓▓▓▓▓
...........))C†)†..V,,,,,,,,,,+,,
▓▓▓▓▓▓▓▓▓▓▓▓▓▓▓▓▓▓▓▓*************
,,,,,,,,,,,,,,,,,,,,,,,,,,,,,,,,,
*********************************
,,,,,,+,,,,,,,,,,,,,,,,,,,,,,,,,,
*********************************
,,,,,,,,,,,,,,,,,,,,,,,,,,,,,,,,,


You could see a stone giant.

Vanquished Creatures
  Agnes (D)
  Gastronok (D)
  Donald (D)
  Kirke (D)
  A stone giant (D)
  2 very ugly things (D)
  4 entropy weavers (D)
  A vampire knight (D)
  An ettin (D)
  2 merfolk javelineers (D)
  A shambling mangrove (D)
  Josephine (D)
  An ice dragon (D)
  3 hydras (D)
  An ogre mage (D)
  2 rakshasas (D)
  A centaur warrior (D)
  2 ghost crabs (D)
  A two-headed ogre (D)
  Erica (D)
  3 death yaks (D)
  A deep troll shaman (D)
  An alligator (D)
  2 tengu warriors (D)
  Urug (D)
  Sonja (D)
  Nergalle (D)
  2 shock serpents (D)
  A pharaoh ant (D)
  A sea snake (D)
  2 steelbarb worms (D)
  4 deep trolls (D)
  A spriggan druid (D)
  A naga ritualist (D)
  A wizard (D)
  A harpy (D)
  2 deep elf pyromancers (D)
  2 will-o-the-wisps (D)
  2 manticores (D)
  A wolf spider (D)
  6 black mambas (D)
  Maurice (D)
  A naga mage (D)
  2 water nymphs (D)
  A gargoyle (D)
  A komodo dragon (D)
  4 trolls (D)
  A merfolk (D)
  A slime creature (D)
  A blink frog (D)
  2 basilisks (D)
  A shadow (D)
  3 wraiths (D)
  A hog (D)
  A wyvern (D)
  2 yaks (D)
  A redback (D)
  2 vampire mosquitoes (D)
  2 acid dragons (D)
  4 water moccasins (D)
  An acid dragon (shapeshifter) (D)
  2 black bears (D)
  7 orc warriors (D)
  An ice beast (D)
  A wolf (D)
  5 bullfrogs (D)
  A scorpion (D)
  2 wights (D)
  A hound (D)
  5 orc priests (D)
  4 orc wizards (D)
  An adder (D)
  A dart slug (D)
  5 orcs (D)
  A giant cockroach (D)
  A goblin (D)
  A ball python (D)
  A frilled lizard (D)
139 creatures vanquished.

Vanquished Creatures (collateral kills)
  A catoblepas (D)
  2 ogre magi (D)
  A deep troll earth mage (D)
  2 death yaks (D)
  An iron troll (D)
  2 deep trolls (D)
  A glowing orange brain (D)
  An orc knight (D)
  An ugly thing (D)
  2 tengu conjurers (D)
  2 yaks (D)
  2 orc warriors (D)
  An orc priest (D)
19 creatures vanquished.

Vanquished Creatures (others)
  An alligator (D)
  A human (D)
2 creatures vanquished.

Grand Total: 160 creatures vanquished

Notes
Turn   | Place    | Note
-------+----------+-------------------------------------------
     0 | D        | mhtbhm the Kobold Berserker began the quest for the Orb.
     0 | D        | Reached XP level 1. HP: 14/14 MP: 1/1
    12 | D        | Reached ** piety under Trog
    13 | D        | Reached skill level 5 in Short Blades
    16 | D        | Reached XP level 2. HP: 19/20 MP: 2/2
    78 | D        | Noticed a black bear
    78 | D        | Noticed a scorpion
    78 | D        | Noticed an ice beast
    87 | D        | Killed a black bear
    88 | D        | Reached skill level 8 in Short Blades
    88 | D        | Reached XP level 3. HP: 19/28 MP: 3/3
    88 | D        | Reached XP level 4. HP: 22/32 MP: 4/4
    88 | D        | Reached XP level 5. HP: 25/37 MP: 5/5
    92 | D        | Reached *** piety under Trog
    93 | D        | Reached skill level 9 in Short Blades
    97 | D        | Killed an ice beast
    98 | D        | Reached skill level 11 in Short Blades
    98 | D        | Reached skill level 5 in Dodging
    98 | D        | Reached XP level 6. HP: 32/45 MP: 6/6
   114 | D        | Found a snail-covered altar of Cheibriados.
   114 | D        | Found a shadowy altar of Dithmenos.
   115 | D        | Found a white marble altar of Elyvilon.
   116 | D        | Found a blossoming altar of Fedhas.
   117 | D        | Found an opulent altar of Gozag.
   118 | D        | Found a hazy altar of Hepliaklqana.
   119 | D        | Found a viscous altar of Jiyva.
   120 | D        | Found an ancient bone altar of Kikubaaqudgha.
   121 | D        | Found a corrupted altar of Lugonu.
   122 | D        | Found a burning altar of Makhleb.
   123 | D        | Found a sparkling altar of Nemelex Xobeh.
   124 | D        | Found an iron altar of Okawaru.
   125 | D        | Found a stormy altar of Qazlal.
   126 | D        | Found a sacrificial altar of Ru.
   127 | D        | Found a shimmering blue altar of Sif Muna.
   128 | D        | Found a bloodstained altar of Trog.
   129 | D        | Found a hide-covered altar of Uskayaw.
   130 | D        | Found a radiant altar of Vehumet.
   131 | D        | Found an ornate altar of the Wu Jian Council.
   132 | D        | Found a shimmering altar of Xom.
   133 | D        | Found a basalt altar of Yredelemnul.
   134 | D        | Found a glowing silver altar of Zin.
   135 | D        | Found a glowing golden altar of the Shining One.
   258 | D        | Noticed a wyvern
   258 | D        | Noticed an acid dragon
   259 | D        | Noticed a shadow
   260 | D        | Killed a wyvern
   260 | D        | Reached **** piety under Trog
   261 | D        | Reached skill level 12 in Short Blades
   261 | D        | Reached skill level 1 in Stealth
   261 | D        | Reached XP level 7. HP: 52/52 MP: 7/7
   266 | D        | Reached skill level 10 in Fighting
   266 | D        | Reached skill level 13 in Short Blades
   266 | D        | Noticed a yak
   268 | D        | Killed an acid dragon
   274 | D        | Killed a shadow
   275 | D        | Reached skill level 14 in Short Blades
   275 | D        | Reached XP level 8. HP: 51/60 MP: 8/8
   286 | D        | Killed a yak
   287 | D        | Reached skill level 15 in Short Blades
   434 | D        | Noticed a gargoyle
   434 | D        | Noticed a two-headed ogre
   435 | D        | Noticed a slime creature
   441 | D        | Killed a gargoyle
   441 | D        | Reached ***** piety under Trog
   442 | D        | Noticed a manticore
   453 | D        | Killed a two-headed ogre
   454 | D        | Reached skill level 17 in Short Blades
   454 | D        | Reached XP level 9. HP: 48/68 MP: 9/9
   627 | D        | Killed a slime creature
   631 | D        | Killed a manticore
   632 | D        | Reached skill level 18 in Short Blades
   632 | D        | Reached skill level 5 in Armour
   632 | D        | Reached skill level 10 in Dodging
   743 | D        | Got the +1 scale mail "Gaineihy" {rPois Str+2}
   760 | D        | Noticed a six-headed hydra
   768 | D        | Killed a six-headed hydra
   769 | D        | Reached XP level 10. HP: 72/76 MP: 10/10
   795 | D        | Identified the +11 short sword of the Foremost Tales
                  | {flame, Dex+3} (Trog gifted it to you in the Dungeon)
   795 | D        | Received a gift from Trog
   803 | D        | Reached skill level 19 in Short Blades
   808 | D        | Reached skill level 15 in Fighting
  1103 | D        | Noticed a black mamba
  1110 | D        | Reached ****** piety under Trog
  1111 | D        | Reached skill level 5 in Stealth
  1112 | D        | Noticed a komodo dragon
  1116 | D        | Killed a black mamba
  1120 | D        | Received a gift from Trog
  1125 | D        | Killed a komodo dragon
  1140 | D        | Reached skill level 20 in Short Blades
  1174 | D        | Noticed a death yak
  1174 | D        | Noticed a death yak
  1174 | D        | Noticed a death yak
  1204 | D        | Killed a death yak
  1205 | D        | Reached XP level 11. HP: 31/83 MP: 11/11
  1439 | D        | Noticed a death yak
  1444 | D        | Noticed a death yak
  1446 | D        | Killed a death yak
  1446 | D        | Identified the +4 short sword of Urigiora {vorpal, rF++
                  | Dex-4} (Trog gifted it to you in the Dungeon)
  1446 | D        | Received a gift from Trog
  1457 | D        | Killed a death yak
  1468 | D        | Noticed a catoblepas
  1470 | D        | Killed a death yak
  1471 | D        | Killed a death yak
  1473 | D        | Received a gift from Trog
  1474 | D        | Killed a catoblepas
  1475 | D        | Reached skill level 21 in Short Blades
  1692 | D        | Noticed Josephine
  1706 | D        | Killed Josephine
  1855 | D        | Received a gift from Trog
  1871 | D        | Received a gift from Trog
  1889 | D        | Received a gift from Trog
  2053 | D        | Reached skill level 10 in Armour
  2059 | D        | Reached XP level 12. HP: 54/92 MP: 12/12
  2072 | D        | Received a gift from Trog
  2328 | D        | Noticed a deep troll
  2332 | D        | Found Kirchaoza's Assorted Antiques.
  2333 | D        | Noticed a deep troll
  2338 | D        | Noticed a deep troll
  2340 | D        | Killed a deep troll
  2348 | D        | Killed a deep troll
  2349 | D        | Reached skill level 10 in Stealth
  2349 | D        | Found Kiexkifu's Assorted Antiques.
  2349 | D        | Noticed an iron troll
  2353 | D        | Killed a deep troll
  2353 | D        | Received a gift from Trog
  2354 | D        | Noticed a deep troll
  2357 | D        | Found Otias's Assorted Antiques.
  2358 | D        | Noticed a deep troll
  2368 | D        | Noticed an ogre mage
  2370 | D        | Killed an iron troll
  2371 | D        | Reached skill level 22 in Short Blades
  2382 | D        | Killed a deep troll
  2386 | D        | Killed a deep troll
  2398 | D        | Killed an ogre mage
  2474 | D        | Noticed an ogre mage
  2477 | D        | Killed an ogre mage
  2477 | D        | Received a gift from Trog
  2589 | D        | Noticed a deep troll
  2597 | D        | Killed a deep troll
  2732 | D        | Found Xudon's Assorted Antiques.
  2758 | D        | Bought a condenser vane for 1200 gold pieces
  2760 | D        | Bought a scroll of enchant armour for 150 gold pieces
  2762 | D        | Bought a scroll of blinking for 150 gold pieces
  2762 | D        | Bought a potion of curing for 60 gold pieces
  2762 | D        | Bought a smoky pink potion for 18 gold pieces
  2762 | D        | Bought a red potion for 18 gold pieces
  2762 | D        | Bought a coppery potion for 18 gold pieces
  2764 | D        | Bought a red potion for 18 gold pieces
  2764 | D        | Bought a scroll labelled GICUJU PAERUU for 20 gold pieces
  2764 | D        | Bought a scroll labelled SEUWUA UFFEWN for 20 gold pieces
  2766 | D        | Bought a sedimented black potion for 27 gold pieces
  2768 | D        | Bought a scroll labelled GEUSTUTHOS for 32 gold pieces
  2768 | D        | Bought a scroll labelled SEUWUA UFFEWN for 32 gold pieces
  2768 | D        | Bought a coppery potion for 28 gold pieces
  2768 | D        | Bought a scroll labelled LANYISO SIMU for 32 gold pieces
  2768 | D        | Bought a lumpy amethyst potion for 28 gold pieces
  2777 | D        | Acquired 1046 gold pieces
  2784 | D        | Bought a scroll of identify for 40 gold pieces
  2788 | D        | Bought a scroll of enchant armour for 240 gold pieces
  2788 | D        | Bought a scroll of identify for 64 gold pieces
  2792 | D        | Bought a cabochon ring for 100 gold pieces
  2792 | D        | Bought a potion of curing for 60 gold pieces
  2794 | D        | Bought a potion of resistance for 200 gold pieces
  2794 | D        | Bought a scroll of identify for 40 gold pieces
  2800 | D        | Bought a glowing chain mail for 150 gold pieces
  2829 | D        | Noticed Urug
  2850 | D        | Killed Urug
  3164 | D        | Noticed Maurice
  3167 | D        | Noticed Sonja
  3177 | D        | Noticed Erica
  3178 | D        | Killed Maurice
  3196 | D        | Killed Erica
  3197 | D        | Reached XP level 13. HP: 99/101 MP: 13/13
  3212 | D        | Killed Sonja
  3447 | D        | Noticed an eight-headed hydra
  3448 | D        | Noticed a centaur warrior
  3457 | D        | Identified the +12 dagger of Valuable Assets {vorpal, rF+
                  | Will+} (Trog gifted it to you in the Dungeon)
  3457 | D        | Received a gift from Trog
  3458 | D        | Reached skill level 1 in Evocations
  3463 | D        | Noticed an eight-headed hydra
  3464 | D        | Killed an eight-headed hydra
  3471 | D        | Reached skill level 23 in Short Blades
  3476 | D        | Killed a centaur warrior
  3477 | D        | Noticed an ogre mage
  3483 | D        | Killed an eight-headed hydra
  3498 | D        | Killed an ogre mage
  3498 | D        | Received a gift from Trog
  3747 | D        | Noticed a rakshasa
  3749 | D        | Noticed a rakshasa
  3781 | D        | Killed a rakshasa
  3781 | D        | Received a gift from Trog
  3782 | D        | Reached skill level 15 in Dodging
  3807 | D        | Killed a rakshasa
  3974 | D        | Noticed Gastronok
  3978 | D        | Killed Gastronok
  4017 | D        | Noticed Nergalle
  4021 | D        | Killed Nergalle
  4043 | D        | Acquired the ring of Lalet {rF+ EV+4}
  4055 | D        | Noticed an entropy weaver
  4055 | D        | Noticed an entropy weaver
  4056 | D        | Noticed an entropy weaver
  4057 | D        | Killed an entropy weaver
  4057 | D        | Received a gift from Trog
  4058 | D        | Reached skill level 24 in Short Blades
  4059 | D        | Killed an entropy weaver
  4060 | D        | Noticed an entropy weaver
  4081 | D        | Killed an entropy weaver
  4082 | D        | Reached skill level 15 in Stealth
  4085 | D        | Killed an entropy weaver
  4085 | D        | Received a gift from Trog
  4091 | D        | Reached XP level 14. HP: 99/110 MP: 14/14
  4451 | D        | Received a gift from Trog
  4462 | D        | Reached skill level 5 in Evocations
  4501 | D        | Received a gift from Trog
  4865 | D        | Received a gift from Trog
  4866 | D        | Reached skill level 25 in Short Blades
  5026 | D        | Received a gift from Trog
  5405 | D        | Reached skill level 15 in Armour
  5529 | D        | Noticed Kirke
  5537 | D        | Received a gift from Trog
  5548 | D        | Killed Kirke
  5553 | D        | Noticed Agnes
  5581 | D        | Killed Agnes
  5588 | D        | Noticed Donald
  5592 | D        | Killed Donald
  5805 | D        | Noticed a brown very ugly thing
  5811 | D        | Received a gift from Trog
  5820 | D        | Killed a brown very ugly thing
  5827 | D        | Noticed a stone giant
  5835 | D        | Noticed a red very ugly thing
  5849 | D        | Reached skill level 26 in Short Blades
  5860 | D        | Killed a stone giant
  5861 | D        | Noticed a vampire knight
  5872 | D        | Killed a red very ugly thing
  5872 | D        | Received a gift from Trog
  6249 | D        | Reached XP level 15. HP: 72/120 MP: 15/15
  6325 | D        | Noticed a stone giant
  6353 | D        | Demolished by a stone giant

Illustrated notes

Levels and vault maps discovered:
D:        linesprint [early_d, line_temple, items_1, d_10, items_2, lair_1,
          lair_end, items_3, orc_1, orc_end, items_4, d_15, swamp_1, shoals_1,
          snake_1, spider_1, d_20, vaults_1, items_5, swamp_end, shoals_end,
          snake_end, spider_end, vaults_end, d_27, items_6, zot_1, zot_end,
          crypt_end, forest_end, elf_end, slime_end, tomb_end, abyss_end,
          pan_hell_end]

Skill      XL: |  1  2  3  4  5  6  7  8  9 10 11 12 13 14 |
---------------+-------------------------------------------+-----
Fighting       | 4 6 8 9 11 13 14 16 17 19 21 23 | 23.8
Short Blades   | 5 8 11 12 14 17 18 20 21 22 24 26 | 26.3
Armour         | 2 3 4 5 7 10 12 14 15 | 15.7
Dodging        | 4 5 6 7 9 10 12 13 14 15 17 | 17.5
Stealth        | 1 2 3 4 6 8 12 15 18 | 18.2
Evocations     | 4 6 |  6.5

Action                   |  1- 3 |  4- 6 |  7- 9 | 10-12 | 13-15 || total
-------------------------+-------+-------+-------+-------+-------++-------
Melee: Short sword       |    22 |    20 |       |   189 |       ||   231
       Punch             |       |     1 |     4 |     5 |     4 ||    14
       Rapier            |       |     1 |    59 |    41 |       ||   101
       Quick blade       |       |       |       |    42 |   515 ||   557
Invok: Berserk           |     1 |       |     4 |     6 |     9 ||    20
       Brothers in Arms  |       |       |       |     4 |     2 ||     6
Evoke: Wand              |       |       |       |       |     4 ||     4
       Condenser vane    |       |       |       |       |     3 ||     3
  Use: Scroll            |       |       |       |     9 |     3 ||    12
       Potion            |       |       |       |     1 |     2 ||     3
 Stab: Sleeping          |       |     1 |       |     5 |     7 ||    13
       Distracted        |       |       |       |     2 |       ||     2
Armor: Animal skin       |     1 |       |     1 |       |       ||     2
       Scale mail        |       |       |     2 |    27 |    63 ||    92
Dodge: Dodged            |    13 |     7 |    31 |   127 |   182 ||   360

Table legend: (Time is in decaauts)
 A = Elapsed time spent in this place.
 B = Non-inter-level travel time spent in this place.
 C = Inter-level travel time spent in this place.
 D = Time resting spent in this place.
 E = Time spent auto-exploring this place.
 F = Levels seen in this place.
 G = Mean time per level.
                   A        B        C        D        E       F      G
               +--------+--------+--------+--------+--------+-----+--------+
         Total |   5937 |   5937 |      0 |   4033 |    223 |   1 | 5937.0 |
       Dungeon |   5937 |   5937 |      0 |   4033 |    223 |   1 | 5937.0 |
               +--------+--------+--------+--------+--------+-----+--------+

Top non-repeatable levels by time:
       D: 5937 daAuts
